 Dungeon Crawl Stone Soup version 0.19.5 (webtiles) character file.

713 djnw the Caller (level 7, -3/46 HPs)
             Began as a Mummy Summoner on Mar 23, 2017.
             Was an Initiate of Sif Muna.
             Slain by an orc
             ... wielding a +0 trident
              (8 damage)
             ... on level 5 of the Dungeon.
             The game lasted 00:20:15 (5729 turns).

djnw the Caller (Mummy Summoner)                    Turns: 5729, Time: 00:20:16

Health: -3/46      AC:  5    Str: 11    XL:     7   Next: 41%
Magic:  4/13       EV: 12    Int: 17    God:    Sif Muna [......]
Gold:   270        SH:  0    Dex: 12    Spells: 4 memorised, 5 levels left

rFire  x . .     SeeInvis .     c - +2 dagger (venom)
rCold  + . .     Gourm    .     a - +0 robe
rNeg   + + +     Faith    .     (no shield)
rPois  ∞         Spirit   .     n - +1 hat
rElec  .         Reflect  .     (no cloak)
rCorr  +         Harm     .     (no gloves)
MR     .....                    d - +1 pair of boots
Stlth  ++........               k - amulet of regeneration
                                (no ring)
                                i - ring of resist corrosion

@: no status effects
A: no food or potions, fire vulnerability, cold resistance 1, negative energy
resistance 3, torment resistance, unbreathing
a: Renounce Religion


You were on level 5 of the Dungeon.
You worshipped Sif Muna.
Sif Muna was noncommittal.
You were not hungry.

You visited 2 branches of the dungeon, and saw 7 of its levels.

You collected 270 gold pieces.

Inventory:

Hand Weapons
 c - a +2 dagger of venom (weapon)
Armour
 a - a +0 robe (worn)
 d - a +1 pair of boots (worn)
 n - a +1 hat (worn)
Jewellery
 i - a ring of resist corrosion (left hand)
 k - an amulet of regeneration (around neck)
Wands
 g - a wand of digging (0/24)
 h - a wand of random effects (15/48)
Scrolls
 e - a scroll of teleportation
 f - a scroll of identify
 j - 2 scrolls of remove curse
 l - a scroll of amnesia {unknown}
 m - a scroll of fear
Books
 b - a book of Callings

   Spells                             Type                      Level
   a - Summon Small Mammal            Summoning                    1
   b - Call Imp                       Summoning                    2
   c - Call Canine Familiar           Summoning                    3
   d - Summon Guardian Golem          Hexes/Summoning              3
   e - Summon Lightning Spire         Summoning/Air                4
   f - Summon Ice Beast               Ice/Summoning                4


   Skills:
 - Level 1.5 Dodging
 - Level 1.5 Stealth
 + Level 4.6 Spellcasting
 + Level 5.6 Summonings
 * Level 3.0 Ice Magic


You had 5 spell levels left.
You knew the following spells:

 Your Spells              Type           Power        Failure   Level  Hunger
a - Summon Small Mammal   Summ           ###.         1%          1    N/A
b - Call Imp              Summ           ###.....     2%          2    N/A
c - Call Canine Familiar  Summ           ###.....     6%          3    N/A
d - Summon Ice Beast      Ice/Summ       ###.....     24%         4    N/A

Dungeon Overview and Level Annotations

Branches:
Dungeon (6/15)             Temple (1/1) D:5

Altars:
Ashenzari
Cheibriados
Elyvilon
Fedhas
Hepliaklqana
Kikubaaqudgha
Makhleb
Nemelex Xobeh
Okawaru
Qazlal
Ru
Sif Muna
Trog
Uskayaw
Vehumet
Yredelemnul
Zin
The Shining One


Innate Abilities, Weirdness & Mutations

You do not eat or drink.
Your flesh is vulnerable to fire.
You are immune to poison.
Your flesh is cold resistant. (rC+)
You are immune to negative energy. (rN+++)
You are immune to unholy pain and torment.
You can survive without breathing.


Message History

The orc hits you from afar with a trident.
* * * LOW HITPOINT WARNING * * *
Your hound bites the orc priest but does no damage.
Your crimson imp hits the orc.
You closely miss the orc priest.
The orc priest is almost dead.
The orc priest calls upon Beogh to heal the orc.
The orc's wounds heal themselves!
Your hound closely misses the orc priest.
The orc hits you from afar with a trident.
* * * LOW HITPOINT WARNING * * *
Your crimson imp blinks!
You hit the orc priest but do no damage.
The orc priest is almost dead.
You kill the orc priest!
Sif Muna accepts your kill.
Your Ice Magic skill increases to level 3!
Your hound closely misses the orc.
The orc hits you from afar with a trident!
You die...

.# #. #.# #.
###.##. ....#.
§... #o.# ##. #)h#
#.. #@.# .. ####..
#..####... .......
#..)....# ..# #..#
#.#####<##..###..#
#.# #.##..##....
#.# #.##..##...>
#.#####...........
#.........####(...
#######........>..


You could see an orc and a friendly hound.

Vanquished Creatures
  Duvessa (D:4)
  2 scorpions
  An orc priest (D:5)
  A hound (D:3)
  A worker ant (D:4)
  A gnoll (D:4)
  2 adders
  3 oozes
  An adder skeleton (D:4)
  2 worms (D:3)
  3 leopard geckos
  5 orcs
  A ball python (D:1)
  3 giant cockroaches
  7 goblins
  8 hobgoblins
  6 jackals
  9 kobolds
  5 bats
  4 frilled lizards
  11 rats
77 creatures vanquished.

Vanquished Creatures (collateral kills)
  An ogre (D:5)
  A sky beast (D:5)
  A centaur (D:5)
  Dowan (D:4)
  3 orc priests
  A hound skeleton (D:4)
  6 gnolls (D:4)
  4 adders
  2 worms (D:3)
  A dart slug (D:1)
  6 orcs (D:4)
  2 goblins (D:1)
  A hobgoblin (D:2)
  4 jackals (D:3)
  A ball python (D:1)
  A frilled lizard (D:3)
  A rat (D:1)
37 creatures vanquished.

Grand Total: 114 creatures vanquished

Notes
Turn   | Place    | Note
-------+----------+-------------------------------------------
     0 | D:1      | djnw the Mummy Summoner began the quest for the Orb.
     0 | D:1      | Reached XP level 1. HP: 13/13 MP: 3/3
   330 | D:1      | Reached XP level 2. HP: 16/19 MP: 5/5
   335 | D:1      | Learned a level 2 spell: Call Imp
  1287 | D:2      | Reached XP level 3. HP: 11/24 MP: 1/7
  1473 | D:2      | Learned a level 3 spell: Call Canine Familiar
  1483 | D:2      | Found a blossoming altar of Fedhas.
  1532 | D:2      | Found a faded altar of an unknown god.
  1532 | D:2      | Found a faded altar of an unknown god.
  1537 | D:2      | Found a faded altar of an unknown god.
  1539 | D:2      | Found a shattered altar of Ashenzari.
  1540 | D:2      | Found a faded altar of an unknown god.
  2039 | D:3      | Reached skill level 4 in Summonings
  2378 | D:3      | Found a burning altar of Makhleb.
  2385 | D:3      | Reached XP level 4. HP: 29/30 MP: 8/8
  2559 | D:3      | Noticed a moth of wrath
  2564 | D:3      | Found a bloodstained altar of Trog.
  2854 | D:3      | Found an ancient bone altar of Kikubaaqudgha.
  3307 | D:3      | Reached XP level 5. HP: 31/35 MP: 7/10
  3313 | D:3      | Learned a level 4 spell: Summon Ice Beast
  3586 | D:4      | Noticed Duvessa
  3593 | D:4      | Noticed Dowan
  3595 | D:4      | Killed Duvessa
  3601 | D:4      | Killed Dowan
  3601 | D:4      | Reached skill level 5 in Summonings
  3601 | D:4      | Reached skill level 1 in Ice Magic
  3826 | D:4      | Reached XP level 6. HP: 20/41 MP: 4/11
  4000 | D:4      | Found a glowing golden altar of the Shining One.
  4125 | D:4      | Found a radiant altar of Vehumet.
  4493 | D:4      | Found a sparkling altar of Nemelex Xobeh.
  4956 | D:5      | Entered Level 5 of the Dungeon
  5022 | D:5      | Reached XP level 7. HP: 46/46 MP: 5/13
  5200 | D:5      | Found a staircase to the Ecumenical Temple.
  5217 | D:5      | You fall through a shaft!
  5217 | D:6      | Found a hide-covered altar of Uskayaw.
  5481 | Temple   | Entered the Ecumenical Temple
  5522 | Temple   | Became a worshipper of Sif Muna the Loreminder
  5729 | D:5      | Slain by an orc

Skill      XL: |  1  2  3  4  5  6  7 |
---------------+----------------------+-----
Spellcasting   | 3 4 |  4.6
Summonings     | 4 5 |  5.6
Ice Magic      | 1 2 3 |  3.0
Dodging        | |  1.5
Stealth        | |  1.5

Action                   |  1- 3 |  4- 6 |  7- 9 || total
-------------------------+-------+-------+-------++-------
Melee: Unarmed           |     5 |       |       ||     5
       Dagger            |    80 |   134 |    22 ||   236
 Cast: Summon Small Mamm |    10 |       |       ||    10
       Call Imp          |    11 |    21 |     3 ||    35
       Call Canine Famil |     1 |    13 |     6 ||    20
  Use: Scroll            |     4 |     4 |       ||     8
 Stab: Sleeping          |     3 |     3 |       ||     6
       Distracted        |       |     1 |       ||     1
Armor: Robe              |    29 |    32 |     6 ||    67
Dodge: Dodged            |    76 |    83 |     8 ||   167
